 Dungeon Crawl Stone Soup version 0.31-a0-174-g85c54bcb58 (webtiles) character file.

Game seed: 8557769117912207478

7 qw the Shooter (level 2, 0/26 HPs)
             Began as a Naga Hunter on June 15, 2023.
             Slain by a giant cockroach (1 damage)
             ... on level 1 of the Dungeon.
             The game lasted 00:00:03 (74 turns).

qw the Shooter (Naga Hunter)                          Turns: 74, Time: 00:00:03

Health: 0/26       AC:  2    Str: 13    XL:     2   Next: 4%
Magic:  2/2        EV:  9    Int:  9    God:
Gold:   8          SH:  0    Dex: 14    Spells: 1/1 levels left

rFire   . . .        a - +0 shortbow
rCold   . . .        (shield currently unavailable)
rNeg    . . .        c - +0 leather armour
rPois   +            (no helmet)
rElec   .            (no cloak)
rCorr   .            (no gloves)
SInv    +            (no barding)
Will    .....        (no amulet)
Stlth   ++           (no ring)
HPRegen 0.24/turn    (no ring)
MPRegen 0.08/turn

%: no passive effects
@: short of breath, very slow
A: AC +0, large, see invisible, deformed body, poison resistance, slowness 2,
spit poison 1, naga tail 1
a: Spit Poison


You were on level 1 of the Dungeon.
You visited 1 branch of the dungeon, and saw 1 of its levels.

You collected 8 gold pieces.


Innate Abilities, Weirdness & Mutations

Your serpentine skin is tough. (AC +0)
You have supernaturally acute eyesight. (SInv)
Armour fits poorly on your strangely shaped body.
Your system is resistant to poisons. (rPois)
You cover ground very slowly.
You can spit poison.
You have a snake-like lower body.


   Skills:
 - Level 2.0 Fighting
 + Level 4.0 Ranged Weapons
 - Level 1.5 Dodging
 - Level 1.5 Stealth


You had one spell level left.
You didn't know any spells.
Your spell library was empty.

Inventory:

Hand Weapons
 a - a +0 shortbow (weapon)
Armour
 c - a +0 leather armour (worn)
Scrolls
 b - a scroll of butterflies

Dungeon Overview and Level Annotations

Branches:
Dungeon (1/15)

Altars:


Message History

The hobgoblin is almost dead.
You have got your breath back.
You hear a shout!
The hobgoblin hits you.
The frilled lizard hisses.
A bat comes into view.
70 ||| INVOKING Spit Poison.
Aiming: Spit Poison (3% risk of failure)
Press: ? - help, Shift-Dir - straight line, f/p - hobgoblin The splash of poison misses the hobgoblin.
The splash of poison hits the dart slug.
The dart slug is heavily wounded.
A hobgoblin comes into view.
The hobgoblin barely misses you.
You shoot an arrow. The arrow barely misses the hobgoblin.
The arrow barely misses the kobold.
The arrow closely misses the frilled lizard.
The arrow closely misses the bat.
The hobgoblin closely misses you. The giant cockroach bites you.
You shoot an arrow. The arrow hits the hobgoblin.
You kill the hobgoblin!
The giant cockroach bites you. The bat hits you.
Your Ranged Weapons skill increases to level 4!
You have reached level 2!
You shoot an arrow.
The arrow hits the dart slug but does no damage.
The dart slug is heavily wounded.
You have got your breath back.
The bat hits you but does no damage. The giant cockroach bites you.
A ball python comes into view.
The dart slug barely misses you. The giant cockroach closely misses you.
The hobgoblin hits you.
A quokka comes into view.
74 ||| INVOKING Spit Poison.
Aiming: Spit Poison (2% risk of failure)
Press: ? - help, Shift-Dir - straight line, f/p - dart slug The splash of poison hits the dart slug!
You kill the dart slug!
The bat barely misses you. The giant cockroach bites you.
You die...

.##8## #~.# '#
~# #~.#
'##7######~.#
.~~~~~~~~~~.#
####
.###......#.#
#..
.....####.#.#
#.# ####.#
##'#'####.# #.#
#...).....##.#
#.#
#........@BK#
#.#
#......b.%gl#
#..
+.....%......r#
#..
#.........##..#
#.. #.........#
#...
#..##..........
...#
...#########
..# #.


You could see a quokka, a giant cockroach, a hobgoblin, a bat, a kobold and a
frilled lizard.

Vanquished Creatures
  A dart slug (D:1)
  An endoplasm (D:1)
  A goblin (D:1)
  A hobgoblin (D:1)
  2 quokkas (D:1)
  A ball python (D:1)
7 creatures vanquished.

Notes
Turn   | Place    | Note
-------+----------+-------------------------------------------
     0 | D:1      | qw the Naga Hunter began the quest for the Orb.
     0 | D:1      | Reached XP level 1. HP: 19/19 MP: 1/1
     0 | D:1      | 0 ||| qw: Version: 0.2-a-29-g511e9b1
     0 | D:1      | 0 ||| qw: Game counter: 5402
     0 | D:1      | 0 ||| qw: Always use a shield: true
     0 | D:1      | 0 ||| qw: God list: Okawaru
     0 | D:1      | 0 ||| qw: Allow faded altars: false
     0 | D:1      | 0 ||| qw: Do Orc after D:15 true
     0 | D:1      | 0 ||| qw: Do second Lair branch before Depths: true
     0 | D:1      | 0 ||| qw: Lair rune preference: random
     0 | D:1      | 0 ||| qw: Plans: Normal
     0 | D:1      | 0 ||| PLANNING D:1-11
    43 | D:1      | 43 ||| INVOKING Spit Poison.
    48 | D:1      | 48 ||| INVOKING Spit Poison.
    49 | D:1      | 49 ||| INVOKING Spit Poison.
    64 | D:1      | 64 ||| INVOKING Spit Poison.
    70 | D:1      | 70 ||| INVOKING Spit Poison.
    72 | D:1      | HP: 4/19 [bat (1)]
    73 | D:1      | Reached skill level 4 in Ranged Weapons
    73 | D:1      | Reached XP level 2. HP: 6/26 MP: 2/2
    73 | D:1      | HP: 1/26 [hobgoblin (4)]
    74 | D:1      | 74 ||| INVOKING Spit Poison.
    74 | D:1      | Slain by a giant cockroach

Levels and vault maps discovered:
D:1:      saegor_arrival_fortress, layout_basic, minmay_misc_feat_square,
          minmay_vboxes

Skill      XL: |  1 |
---------------+----+-----
Ranged Weapons | 4 |  4.0
Fighting       | |  2.0
Dodging        | |  1.5
Stealth        | |  1.5

Action                     || total
---------------------------++-------
   Fire: Shortbow          ||    12
Ability: Spit Poison       ||     5
 Armour: Leather armour    ||     2
  Dodge: Dodged            ||     6

Table legend:
 A = Non-vault XP
 B = Vault XP
 C = Vault XP percentage of total XP
 D = Non-vault monster count
 E = Vault monster count
 F = Vault count percentage of total count
                 A         B        C        D         E       F
            +---------+---------+-------+---------+---------+-------
      Total |       9 |       6 |  40.0 |       5 |       2 |  28.6
            +---------+---------+-------+---------+---------+-------
        D:1 |       9 |       6 |  40.0 |       5 |       2 |  28.6
            +---------+---------+-------+---------+---------+-------
